 Dungeon Crawl Stone Soup version 0.31.0-9-g3a7656b989 (webtiles) character file.

Game seed: 10662707190520872688

62 qw the Shooter (level 3, -6/20 HPs)
             Began as a Deep Elf Hunter on Feb 2, 2024.
             Killed from afar by Sigmund (12 damage)
             ... with a puff of flame
             ... on level 2 of the Dungeon.
             The game lasted 00:00:05 (1364 turns).

qw the Shooter (Deep Elf Hunter)                    Turns: 1364, Time: 00:00:06

Health: -6/20      AC:  6    Str: 10    XL:     3   Next: 85%
Magic:  5/5        EV: 11    Int: 13    God:
Gold:   92         SH:  5    Dex: 18    Spells: 2/2 levels left

rFire   . . .        a - +0 shortbow
rCold   . . .        (shield currently unavailable)
rNeg    . . .        k - +0 ring mail
rPois   .            (no helmet)
rElec   .            g - +0 cloak
rCorr   .            (no gloves)
SInv    .            (no boots)
Will    .....        i - amulet of reflection
Stlth   +            (no ring)
HPRegen 0.23/turn    (no ring)
MPRegen 0.09/turn

%: reflection
@: about to teleport
A: no striking features
a: no special abilities


You were on level 2 of the Dungeon.
You visited 1 branch of the dungeon, and saw 2 of its levels.

You collected 92 gold pieces.


   Skills:
 - Level 1.5 Fighting
 + Level 7.3 Ranged Weapons
 - Level 2.4 Dodging
 - Level 1.2 Stealth


You had 2 spell levels left.
You didn't know any spells.
Your spell library was empty.

Inventory:

Hand Weapons
 a - a +0 shortbow (weapon)
Armour
 b - a +2 helmet
 g - a +0 cloak (worn)
 k - a +0 ring mail (worn)
Jewellery
 e - a ring of poison resistance
 i - an amulet of reflection (around neck)
Scrolls
 d - a scroll of noise {unknown}
 f - a scroll of blinking {unknown}
Potions
 j - a potion of enlightenment {unknown}

Dungeon Overview and Level Annotations

Branches:
Dungeon (2/15)

Altars:

Annotations:
D:2 Sigmund


Message History

Sigmund the Dreaded comes into view.
He is wielding a +0 heavy scythe.
Sigmund shouts!
You shoot an arrow. The arrow hits Sigmund.
Sigmund is lightly wounded.
An endoplasm comes into view.
You shoot an arrow. The arrow barely misses Sigmund.
Sigmund gestures at you while chanting. The puff of flame hits you!
Ouch! That really hurt!
You shoot an arrow.
The arrow hits Sigmund but does no damage.
Sigmund is lightly wounded.
You shoot an arrow. The arrow hits Sigmund.
Sigmund is lightly wounded.
You shoot an arrow.
The arrow hits Sigmund but does no damage.
Sigmund is lightly wounded.
Sigmund barely misses you.
You shoot an arrow. The arrow closely misses Sigmund.
The arrow hits the endoplasm!
You kill the endoplasm!
Sigmund closely misses you.
You shoot an arrow. The arrow barely misses Sigmund.
You shoot an arrow. The arrow barely misses Sigmund.
Sigmund hits you from afar with a +0 heavy scythe.
1361 ||| READING scroll of teleportation.
As you read the scroll of teleportation, it crumbles to dust.
You feel strangely unstable.
You shoot an arrow.
The arrow hits Sigmund but does no damage.
Sigmund is lightly wounded.
You block Sigmund's attack.
You shoot an arrow. The arrow closely misses Sigmund.
You shoot an arrow. The arrow hits Sigmund.
Sigmund is moderately wounded.
Sigmund casts a spell at you. The puff of flame hits you!
Ouch! That really hurt!
You die...
Sigmund begins carving another notch in his scythe.

#############
.....@.@....##
.....##......#######..
### #.###......>....
#.##...#######..
..#.....# #####...##
##.## ...######.#
..........#


You could see Sigmund.

Vanquished Creatures
  Robin (D:2)
  A ribbon worm (D:2)
  A dart slug (D:1)
  4 endoplasms
  2 giant cockroaches
  10 goblins
  7 hobgoblins
  A quokka (D:1)
  4 ball pythons
  4 bats
  3 kobolds
  4 rats
42 creatures vanquished.

Notes
Turn   | Place    | Note
-------+----------+-------------------------------------------
     0 | D:1      | qw the Deep Elf Hunter began the quest for the Orb.
     0 | D:1      | Reached XP level 1. HP: 12/12 MP: 3/3
     0 | D:1      | 0 ||| qw: Version: 0.3-a-155-g5e7d8dd
     0 | D:1      | 0 ||| qw: Game counter: 1101
     0 | D:1      | 0 ||| qw: Melee chars always use a shield: true
     0 | D:1      | 0 ||| qw: God list: Okawaru
     0 | D:1      | 0 ||| qw: Allow faded altars: false
     0 | D:1      | 0 ||| qw: Do Orc after clearing Dungeon:15 true
     0 | D:1      | 0 ||| qw: Do second Lair branch before Depths: true
     0 | D:1      | 0 ||| qw: Lair rune preference: random
     0 | D:1      | 0 ||| qw: Goals: Normal
     0 | D:1      | 0 ||| PLANNING D:1-11
   145 | D:1      | Reached XP level 2. HP: 16/16 MP: 4/4
   146 | D:1      | Reached skill level 6 in Ranged Weapons
   639 | D:1      | 639 ||| UPGRADING to +0 cloak.
   644 | D:1      | 644 ||| UPGRADING to +0 ring mail.
   654 | D:1      | 654 ||| DROPPING +0 leather armour.
   655 | D:1      | 655 ||| UPGRADING to amulet of reflection.
   660 | D:1      | 660 ||| READING 2 scrolls labelled LATUZI USEZINULO.
   661 | D:1      | 661 ||| READING scroll labelled RENEAPPUNYPP.
   661 | D:1      | 661 ||| IDENTIFYING emerald potion
   662 | D:1      | 662 ||| READING scroll labelled WINIAKKODYSA.
   666 | D:1      | 666 ||| DROPPING scroll of butterflies.
   667 | D:1      | 667 ||| DROPPING scroll of revelation.
   668 | D:1      | 668 ||| DROPPING potion of lignification.
   689 | D:2      | 689 ||| STAIRDANCE
   698 | D:2      | 698 ||| STAIRDANCE
   704 | D:2      | 704 ||| STAIRDANCE
   704 | D:2      | Noticed Robin
   707 | D:1      | Reached XP level 3. HP: 20/20 MP: 5/5
   709 | D:2      | 709 ||| STAIRDANCE
   725 | D:2      | 725 ||| STAIRDANCE
   731 | D:2      | 731 ||| STAIRDANCE
   784 | D:2      | 784 ||| STAIRDANCE
   838 | D:2      | Killed Robin
   839 | D:2      | Reached skill level 7 in Ranged Weapons
  1352 | D:2      | Noticed Sigmund
  1360 | D:2      | HP: 5/20 [Sigmund/+0 heavy scythe (6)]
  1361 | D:2      | 1361 ||| READING scroll of teleportation.
  1364 | D:2      | Killed from afar by Sigmund

Levels and vault maps discovered:
D:1:      evilmike_arrival_plus, layout_basic
D:2:      layout_loops_corners, serial_shops, nicolae_shop_hallway_plus,
          shapermc_ecumenical_altar_hornbeckon, uniq_sigmund, uniq_robin

Skill      XL: |  1  2  3 |
---------------+----------+-----
Ranged Weapons | 6 7 |  7.3
Fighting       | |  1.5
Dodging        | |  2.4
Stealth        | |  1.2

Action                     || total
---------------------------++-------
   Fire: Shortbow          ||   133
    Use: Scroll            ||     4
 Armour: Leather armour    ||    13
         Ring mail         ||    39
  Dodge: Dodged            ||    41
  Block: Other             ||    12
         Reflection        ||     1

Table legend:
 A = Non-vault XP
 B = Vault XP
 C = Vault XP percentage of total XP
 D = Non-vault monster count
 E = Vault monster count
 F = Vault count percentage of total count
                 A         B        C        D         E       F
            +---------+---------+-------+---------+---------+-------
      Total |      56 |      33 |  37.1 |      31 |      11 |  26.2
            +---------+---------+-------+---------+---------+-------
        D:1 |      34 |      16 |  32.0 |      19 |       9 |  32.1
        D:2 |      22 |      17 |  43.6 |      12 |       2 |  14.3
            +---------+---------+-------+---------+---------+-------
